 Dungeon Crawl Stone Soup version 0.23-a0-338-g8ff0b24 (webtiles) character file.

4818 Garbasso the Frost Mage (level 10, 0/62 HPs)
             Began as an Octopode Ice Elementalist on Oct 18, 2018.
             Was a Believer of Hepliaklqana.
             Slain by a wolf (8 damage)
             ... on level 1 of the Lair of Beasts.
             The game lasted 00:52:43 (15449 turns).

Garbasso the Frost Mage (OpIE)                     Turns: 15449, Time: 00:52:44

Health: 0/62       AC:  7    Str:  8    XL:     10   Next: 48%
Magic:  4/23       EV: 13    Int: 21    God:    Hepliaklqana [**....]
Gold:   482        SH:  5    Dex: 12    Spells: 1/15 levels left

rFire    . . .     SeeInvis .   b - +1 trident (flame)
rCold    . . .     Gourm    .   A - +0 buckler
rNeg     . . .     Faith    .   (helmet restricted)
rPois    .         Spirit   .   (no amulet)
rElec    .         Reflect  .   n - ring of magical power
rCorr    .         Harm     .   (no ring)
MR       .....                  (no ring)
Stlth    +++++.....             (no ring)
HPRegen  0.20/turn              (no ring)
MPRegen  0.18/turn              (no ring)
                                (no ring)
                                (no ring)

@: icy armour, very slightly contaminated
A: almost no armour, stealthy swim, amphibious, 8 rings, constrict 8, reduced
essence, camouflage 1, gelatinous body 1
a: Recall Ancestor, Ancestor Identity, Renounce Religion


You were on level 1 of the Lair of Beasts.
You worshipped Hepliaklqana.
Hepliaklqana was pleased with you.
You were not hungry.

You visited 2 branches of the dungeon, and saw 12 of its levels.

You collected 572 gold pieces.
You spent 90 gold pieces at shops.

Inventory:

Hand Weapons
 a - a +1 dagger
 b - a +1 trident of flaming (weapon)
 y - a +0 trident
Missiles
 B - 2 throwing nets
 C - 14 javelins (quivered)
Armour
 t - a +1 shield
 A - a +0 buckler (worn)
Jewellery
 n - a ring of magical power (left tentacle)
Wands
 e - a wand of flame (42)
 g - a wand of acid (7)
 i - a wand of digging (16)
 q - a wand of random effects (16)
 r - a wand of scattershot (3)
 u - a wand of paralysis (8)
 z - a wand of enslavement (22)
 F - a wand of iceblast (6)
 J - a wand of polymorph (16)
Scrolls
 d - 3 scrolls of blinking
 f - 3 scrolls of amnesia
 h - 3 scrolls of remove curse
 j - 6 scrolls of identify
 l - a scroll of immolation
 m - 2 scrolls of teleportation
 p - a scroll of enchant armour
 E - a scroll of enchant weapon
Potions
 c - a potion of lignification {unknown}
 k - 4 potions of flight
 o - 2 potions of brilliance
 s - a potion of mutation
 v - 2 potions of haste
 w - a potion of ambrosia
 x - 8 potions of curing
 D - a potion of heal wounds
 G - a potion of magic {unknown}
 H - 2 potions of might {unknown}
Comestibles
 I - 18 rations


   Skills:
 + Level 6.8 Fighting
 * Level 2.0 Dodging
 - Level 8.4 Stealth
 + Level 6.3 Shields
 - Level 3.0 Spellcasting
 - Level 1.0 Conjurations
 - Level 3.0 Summonings
 - Level 10.0 Ice Magic


You had one spell level left.
You knew the following spells:

 Your Spells              Type           Power        Failure   Level  Hunger
a - Freeze                Ice            ####         1%          1    None
b - Throw Frost           Conj/Ice       ####..       1%          2    ##.....
c - Ozocubu's Armour      Chrm/Ice       ###.....     4%          3    ###....
d - Summon Ice Beast      Ice/Summ       ####....     9%          4    ####...
e - Throw Icicle          Conj/Ice       ####....     14%         4    ####...

Your spell library contained the following spells:

 Spells                   Type           Power        Failure   Level  Hunger


Dungeon Overview and Level Annotations

Branches:
Dungeon (11/15)            Temple (0/1) D:7            Lair (1/6) D:10
    Orc: D:9-12

Altars:
Elyvilon
Hepliaklqana
Kikubaaqudgha
Ru
Vehumet
Zin
The Shining One

Shops:
D:10 (

Portals:
Trove: D:10 (show abyssal rune of Zot)

Annotations:
D:4 1 runed door, Nr616's ghost, novice GrFi
D:8 1 exclusion


Innate Abilities, Weirdness & Mutations

You cannot wear most types of armour.
You are very stealthy in the water. (Stealth+)
You are amphibious.
You can wear up to eight rings at the same time.
You can use your tentacles to constrict eight enemies at once.
Your skin changes colour to match your surroundings (Stealth+).
Your rubbery body absorbs attacks. (AC +1, EV +1)
Your life essence is reduced to manifest your ancestor. (-10% HP)


Message History

Your ice beast hits the wolf but does no damage.
The wolf bites you but does no damage. The wolf bites your ice beast.
Casting: Ozocubu's Armour (safe; 4% risk of failure)
Confirm with . or Enter, or press ? or * to list all spells.
A chill wind blows around you. The wolf misses you.
The wolf bites your ice beast. The wolf barely misses you.
The wolf barely misses your ice beast.
Your ice beast misses the wolf.
You block the wolf's attack.
Casting: Summon Ice Beast (safe; 9% risk of failure)
Confirm with . or Enter, or press ? or * to list all spells.
You don't have enough magic to cast that spell.
You hit the wolf. You burn the wolf. You grab the wolf.
The wolf is severely wounded.
You constrict the wolf, but do no damage.
The wolf bites you! x2
* * * LOW HITPOINT WARNING * * *
The wolf barely misses your ice beast. The wolf bites you!
* * * LOW HITPOINT WARNING * * *
The wolf bites you!
You die...

#.####...(.......#
#.###.........[...
##...............
##..............
#.....(.........
##..............
##....h........
##...hhY......
#...Y@hh......
##.####l...... ###
##....! .h.. .## #


You could see a komodo dragon, 6 wolves and 2 friendly ice beasts.

Vanquished Creatures
  2 blink frogs (Lair:1)
  A wyvern (D:10)
  Menkaure (D:4)
  2 water moccasins
  A phantom (D:5)
  A centaur (D:10)
  A big kobold (D:9)
  4 bullfrogs
  A scorpion (D:6)
  3 crimson imps
  A bullfrog zombie (D:5)
  2 hounds
  An orc wizard (D:8)
  An orc priest (D:8)
  A bullfrog skeleton (D:4)
  5 iguanas
  5 worker ants
  2 hound skeletons
  A worker ant zombie (D:10)
  6 adders
  9 gnolls
  A shadow imp (D:5)
  An adder skeleton (D:5)
  5 worms
  2 dart slugs
  6 leopard geckos
  18 orcs
  2 ball pythons
  5 giant cockroaches
  4 hobgoblins
  7 jackals
  A quokka (D:2)
  7 bats
  10 frilled lizards
  8 goblins
  3 hobgoblin zombies (D:4)
  11 kobolds
  A kobold skeleton (D:4)
  A kobold zombie (D:4)
  An orc skeleton (D:4)
  An orc zombie (D:4)
  8 rats
154 creatures vanquished.

Vanquished Creatures (collateral kills)
  A komodo dragon (D:10)
  A troll (D:6)
  A hornet (D:9)
  A hippogriff (D:8)
  3 blink frogs
  Sigmund (D:6)
  A wyvern (D:10)
  A steam dragon (D:9)
  2 hungry ghosts (D:8)
  A porcupine (Lair:1)
  An orc warrior (D:8)
  3 ogres
  2 phantoms
  3 centaurs
  A big kobold (D:9)
  A wyvern zombie (D:9)
  A bullfrog (Lair:1)
  2 gnoll sergeants (D:5)
  A scorpion (D:7)
  A howler monkey (D:6)
  3 crimson imps
  A quasit (D:9)
  A bullfrog skeleton (D:10)
  An orc priest (D:6)
  4 jellies
  2 orc wizards
  A killer bee zombie (D:7)
  8 gnolls
  2 worker ant zombies
  3 adders
  A shadow imp (D:7)
  A leopard gecko (D:4)
  10 orcs
  A giant cockroach (D:3)
  A goblin (D:3)
  A ball python (D:6)
  3 kobolds (D:9)
  A kobold skeleton (D:4)
  2 plants (D:10)
76 creatures vanquished.

Vanquished Creatures (others)
  3 hexers
  6 ancestors
  A plant (D:10)
10 creatures vanquished.

Grand Total: 240 creatures vanquished

Notes
Turn   | Place    | Note
-------+----------+-------------------------------------------
     0 | D:1      | Garbasso the Octopode Ice Elementalist began the quest for
                  | the Orb.
     0 | D:1      | Reached XP level 1. HP: 11/11 MP: 3/3
   468 | D:1      | Reached XP level 2. HP: 10/17 MP: 0/5
   594 | D:1      | Learned a level 2 spell: Throw Frost
  1342 | D:1      | Reached XP level 3. HP: 22/22 MP: 4/6
  1347 | D:1      | Learned a level 3 spell: Ozocubu's Armour
  1759 | D:2      | Reached skill level 1 in Fighting
  2007 | D:2      | Reached XP level 4. HP: 28/28 MP: 7/7
  2184 | D:2      | Reached skill level 4 in Ice Magic
  2647 | D:2      | Reached XP level 5. HP: 31/33 MP: 9/9
  4141 | D:2      | Learned a level 4 spell: Summon Ice Beast
  4350 | D:3      | Found an ancient bone altar of Kikubaaqudgha.
  4482 | D:3      | Found a hazy altar of Hepliaklqana.
  4487 | D:3      | Found a radiant altar of Vehumet.
  4497 | D:3      | Became a worshipper of Hepliaklqana the Forgotten
  4525 | D:3      | Reached XP level 6. HP: 35/35 MP: 6/10
  4780 | D:3      | Reached skill level 1 in Summonings
  4993 | D:4      | Noticed Menkaure
  5243 | D:4      | Found a glowing golden altar of the Shining One.
  5305 | D:4      | Reached skill level 5 in Ice Magic
  5357 | D:4      | Found a runed door.
  5369 | D:4      | Noticed Nr616's ghost (novice GrFi)
  5796 | D:4      | Killed Menkaure
  5796 | D:4      | Reached skill level 1 in Shields
  5796 | D:4      | Reached XP level 7. HP: 11/40 MP: 11/11
  6419 | D:5      | Entered Level 5 of the Dungeon
  6766 | D:5      | Reached * piety under Hepliaklqana
  7200 | D:5      | Reached skill level 6 in Ice Magic
  7685 | D:5      | Reached XP level 8. HP: 46/46 MP: 5/12
  8986 | D:6      | HP: 2/48 [phantom (7)]
  9276 | D:6      | Found Zin's Purification Station.
  9277 | D:6      | Found a glowing silver altar of Zin.
  9282 | D:6      | Noticed Sigmund
  9285 | D:6      | Reached skill level 7 in Ice Magic
  9606 | D:6      | Killed Sigmund
  9721 | D:6      | Bought a potion of curing for 90 gold pieces
 10413 | D:6      | Noticed a troll
 10454 | D:6      | Killed a troll
 10667 | D:7      | Found a staircase to the Ecumenical Temple.
 10668 | D:7      | Reached XP level 9. HP: 54/54 MP: 13/13
 10680 | D:7      | Reached skill level 5 in Stealth
 10680 | D:7      | Reached skill level 8 in Ice Magic
 10694 | D:7      | Reached skill level 5 in Fighting
 11384 | D:7      | Found a sacrificial altar of Ru.
 11438 | D:7      | Found a white marble altar of Elyvilon.
 11845 | D:8      | Reached ** piety under Hepliaklqana
 11846 | D:8      | Remembered your ancestor Cihuaton as a hexer
 11875 | D:8      | Noticed a two-headed ogre
 12614 | D:8      | Reached skill level 5 in Shields
 12849 | D:9      | Noticed a hornet
 12874 | D:9      | Killed a hornet
 12874 | D:9      | Reached skill level 9 in Ice Magic
 13750 | D:9      | Reached XP level 10. HP: 35/61 MP: 14/14
 13882 | D:9      | Learned a level 4 spell: Throw Icicle
 13958 | D:10     | Entered Level 10 of the Dungeon
 14172 | D:10     | Found Joum Zau's Weapon Shoppe.
 14469 | D:10     | Found a portal to a secret trove of treasure.
 14587 | D:10     | Found a staircase to the Lair.
 14733 | D:10     | Found a sacrificial altar of Ru.
 14947 | Lair:1   | Entered Level 1 of the Lair of Beasts
 15225 | Lair:1   | Reached skill level 10 in Ice Magic
 15449 | Lair:1   | Slain by a wolf

Vault maps used:
D:1:      lightli_arrival_quake, minmay_liquid_box
D:2:      first_ration, minivault_14
D:3:      grunt_temple_overflow_diamond
D:4:      minmay_diamond_boxcup, serial_glass, glass_columns_b, glass_columns_a,
          due_unseen_surprise, ebering_ghost_reflecting_pool,
          nicolae_tso_besieged_by_evil, uniq_menkaure
D:6:      zin_purify, uniq_sigmund
D:7:      lemuel_round_altar, old_standard_altar, minmay_temple_entry_trees
D:9:      blue_anna_alchemist
D:10:     david_lair_shrubbed, serial_shops,
          nicolae_shop_temple_entry_statues_fountains, enter_trove_0,
          nicolae_ru_path_of_blood
D:11:     minmay_tile_spiral, portal_ice_cave_demonic_guard,
          gammafunk_ghost_icy, serial_shops, bzr_entry_islet,
          guppyfry_shop_earth

Skill      XL: |  1  2  3  4  5  6  7  8  9 10 |
---------------+-------------------------------+-----
Stealth        | 3 4 7 8 |  8.4
Fighting       | 1 2 3 4 6 |  6.8
Ice Magic      | 4 5 6 7 9 10 | 10.0
Spellcasting   | 3 |  3.0
Summonings     | 2 3 |  3.0
Shields        | 1 2 4 5 6 |  6.3
Dodging        | |  2.0
Conjurations   | |  1.0

Action                   |  1- 3 |  4- 6 |  7- 9 | 10-12 || total
-------------------------+-------+-------+-------+-------++-------
Melee: Unarmed           |    15 |       |       |       ||    15
       Constrict         |    11 |    34 |    43 |    10 ||    98
       Tentacles         |     4 |    19 |    39 |    10 ||    72
       Dagger            |    22 |   122 |   186 |     1 ||   331
       Trident           |       |       |       |    38 ||    38
Throw: Stone             |    14 |    16 |       |       ||    30
       Javelin           |       |       |     2 |       ||     2
 Cast: Freeze            |    32 |    46 |    43 |     7 ||   128
       Throw Frost       |     1 |    18 |     3 |     2 ||    24
       Ozocubu's Armour  |       |     3 |     2 |     1 ||     6
       Summon Ice Beast  |       |     1 |    57 |    19 ||    77
Invok: Recall Ancestor   |       |       |     1 |       ||     1
       Ancestor Life: He |       |       |     1 |       ||     1
  Use: Potion            |     1 |       |       |       ||     1
       Scroll            |       |       |    18 |     1 ||    19
 Stab: Sleeping          |     6 |     8 |    11 |       ||    25
       Distracted        |     1 |     1 |     4 |     1 ||     7
  Eat: Chunk             |     4 |     9 |    21 |     1 ||    35
       Ration            |       |     1 |     5 |     3 ||     9
Armor: Skin              |    10 |     7 |     6 |     3 ||    26
Dodge: Dodged            |    52 |    88 |   123 |    26 ||   289
Block: Buckler           |       |       |    38 |    12 ||    50

Table legend:
 A = Non-vault XP
 B = Vault XP
 C = Vault XP percentage of total XP
 D = Non-vault monster count
 E = Vault monster count
 F = Vault count percentage of total count
                 A         B        C        D         E       F
            +---------+---------+-------+---------+---------+-------
      Total |    6167 |     717 |  10.4 |     210 |      18 |   7.9
            +---------+---------+-------+---------+---------+-------
        D:1 |      34 |       0 |   0.0 |      22 |       0 |   0.0
        D:2 |     139 |       0 |   0.0 |      27 |       0 |   0.0
        D:3 |     191 |       0 |   0.0 |      40 |       0 |   0.0
        D:4 |     163 |     309 |  65.5 |       9 |      15 |  62.5
        D:5 |     659 |       0 |   0.0 |      26 |       0 |   0.0
        D:6 |     735 |     114 |  13.4 |      22 |       1 |   4.3
        D:7 |     762 |       0 |   0.0 |      15 |       0 |   0.0
        D:8 |     789 |       0 |   0.0 |      22 |       0 |   0.0
        D:9 |     682 |      95 |  12.2 |      12 |       1 |   7.7
       D:10 |     980 |     199 |  16.9 |       9 |       1 |  10.0
     Lair:1 |    1033 |       0 |   0.0 |       6 |       0 |   0.0
            +---------+---------+-------+---------+---------+-------
